 Dungeon Crawl Stone Soup version 0.30-a0-118-ga018f8e90f (webtiles) character file.

Game seed: 16722313163294035049

348 MisterAzrael the Conjurer (level 6, -20/32 HPs)
             Began as a Deep Elf Conjurer on Sept 13, 2022.
             Was an Initiate of Vehumet.
             Demolished by a two-headed ogre
             ... wielding a +0 giant spiked club
              (32 damage)
             ... on level 5 of the Dungeon.
             The game lasted 00:05:36 (5278 turns).

MisterAzrael the Conjurer (Deep Elf Conjurer)       Turns: 5278, Time: 00:05:37

Health: -20/32     AC:  2    Str:  4    XL:     6   Next: 33%
Magic:  12/15      EV: 12    Int: 25    God:    Vehumet [......]
Gold:   196        SH:  0    Dex: 13    Spells: 1/15 levels left

rFire   . . .      SeeInvis .    (no weapon)
rCold   . . .      Faith    .    (no shield)
rNeg    + . .      Spirit   .    a - +0 robe
rPois   .          Reflect  .    (no helmet)
rElec   .          Harm     .    (no cloak)
rCorr   .          Rampage  .    (no gloves)
Will    +....                    (no boots)
Stlth   ++........               (no amulet)
HPRegen 0.10/turn                n - ring of positive energy
MPRegen 0.14/turn                x - ring of willpower

@: flying, very slightly contaminated
A: no striking features
a: Renounce Religion


You were on level 5 of the Dungeon.
You worshipped Vehumet.
Vehumet was noncommittal.
You visited 2 branches of the dungeon, and saw 6 of its levels.

You collected 196 gold pieces.

Inventory:

Hand Weapons
 s - a +0 sling of flaming
Missiles
 p - a throwing net
Armour
 a - a +0 robe (worn)
Jewellery
 n - a ring of positive energy (left hand)
 x - a ring of willpower (right hand)
Wands
 h - a wand of polymorph (7)
 q - a wand of acid (11)
Scrolls
 c - 4 scrolls of identify {unknown}
 e - 3 scrolls of teleportation {unknown}
 f - 2 scrolls of acquirement {unknown}
 i - 3 scrolls of enchant weapon {unknown}
 l - 2 scrolls of noise {unknown}
 o - 2 scrolls of fear {unknown}
 r - a scroll of enchant armour {unknown}
 w - a scroll of butterflies {unknown}
Potions
 d - a potion of haste {unknown}
 g - a potion of flight
 j - a potion of mutation {unknown}
 k - a potion of attraction {unknown}
 m - a potion of curing {unknown}
 t - a potion of degeneration {unknown}
 u - a potion of heal wounds {unknown}
 v - a potion of ambrosia {unknown}


   Skills:
 - Level 2.4 Dodging
 - Level 2.4 Stealth
 + Level 5.3 Spellcasting
 * Level 7.0 Conjurations
 + Level 3.0 Hexes


You had one spell level left.
You knew the following spells:

 Your Spells              Type           Power      Damage    Failure   Level
a - Magic Dart            Conj           100%       1d8       1%          1
b - Searing Ray           Conj           82%        2d7       1%          2
c - Fulminant Prism       Conj/Hex       15%        3d11      10%         4
d - Dazzling Flash        Conj/Hex       62%        N/A       3%          3
e - Iskenderun's Mystic   Conj/Tloc      24%        2d7       19%         4

Your spell library contained the following spells:

 Spells                   Type           Power      Damage    Failure   Level


Dungeon Overview and Level Annotations

Branches:
Dungeon (5/15)             Temple (1/1) D:4

Altars:
Ashenzari
Cheibriados
Dithmenos
Elyvilon
Fedhas
Gozag
Makhleb
Okawaru
Trog
Vehumet
Xom
Yredelemnul
Zin
The Shining One

Shops:
D:3 [


Message History

Confirm with . or Enter, or press ? or * to list all spells.
Casting: Dazzling Flash (dangerous; 3% risk of failure)
Press: ? - help, Dir - look around, f - activate The two-headed ogre is dazzled.
The two-headed ogre is no longer blind.
The two-headed ogre attacks as you move away!
The two-headed ogre hits you with a +0 giant spiked club!
The two-headed ogre barely misses you.
Unknown command.
Casting: Dazzling Flash (dangerous; 3% risk of failure)
Confirm with . or Enter, or press ? or * to list all spells.
The spell is extremely dangerous to miscast (19% risk of failure)!
Continue anyway?
You miscast Iskenderun's Mystic Blast.
You are very lightly contaminated with residual magic.
Nothing appears to happen.
The two-headed ogre barely misses you.
The two-headed ogre hits you with a +0 giant club!
Casting: Iskenderun's Mystic Blast (extremely dangerous; 19% risk of failure)
Confirm with . or Enter, or press ? or * to list all spells.
You don't have enough magic to cast this spell.
A two-headed ogre is nearby!
Magic courses through your body.
Casting: Iskenderun's Mystic Blast (extremely dangerous; 19% risk of failure)
Confirm with . or Enter, or press ? or * to list all spells.
The spell is extremely dangerous to miscast (19% risk of failure)!
Continue anyway?
You erupt in a blast of force!
The mystic blast hits the two-headed ogre!
The two-headed ogre is moderately wounded.
The two-headed ogre is knocked back by the mystic blast.
Casting: Iskenderun's Mystic Blast (extremely dangerous; 19% risk of failure)
Confirm with . or Enter, or press ? or * to list all spells.
Aiming: Searing Ray (safe; 1% risk of failure)
Press: ? - help, Shift-Dir - straight line, f - two-headed ogre
Aim: a two-headed ogre, wielding a +0 giant spiked club and a +0 giant club (moderately wounded, 91% to hit)
Okay, then.
It was a potion of flight.
You feel very buoyant.
You fly up into the air.
The two-headed ogre hits you with a +0 giant spiked club!!
Ouch! That really hurt!
You die...

#.########
#.#####.........
#.......########
.#######.#..
)........#..
#######..#.###
#########..#...#
...........#...#.#
...........O@....#
.......)..#.........
........#.#.########
........#...#
........#####
........# ........#
#.......# ........#


You could see a two-headed ogre.

Vanquished Creatures
  A howler monkey (D:4)
  A jelly (D:4)
  An orc priest (D:4)
  A hound (D:4)
  An orc wizard (D:3)
  4 gnolls (D:3)
  3 adders
  A white imp (D:4)
  5 worms
  A dart slug (D:1)
  10 orcs
  9 bats
  5 endoplasms
  4 giant cockroaches
  5 goblins
  8 hobgoblins
  7 kobolds
  11 quokkas
  10 ball pythons
  3 frilled lizards
  5 rats
96 creatures vanquished.

Notes
Turn   | Place    | Note
-------+----------+-------------------------------------------
     0 | D:1      | MisterAzrael the Deep Elf Conjurer began the quest for the
                  | Orb.
     0 | D:1      | Reached XP level 1. HP: 10/10 MP: 6/6
   167 | D:1      | Reached XP level 2. HP: 15/15 MP: 6/8
   403 | D:1      | Reached skill level 5 in Conjurations
   573 | D:1      | Learned a level 2 spell: Searing Ray
   837 | D:1      | Reached XP level 3. HP: 19/19 MP: 7/10
  1803 | D:2      | Found a shadowy altar of Dithmenos.
  2379 | D:3      | Found a burning altar of Makhleb.
  2415 | D:3      | Found a broken altar of Ashenzari.
  2604 | D:3      | Found San Xyfo's Antique Armour Shoppe.
  2683 | D:3      | Reached XP level 4. HP: 24/24 MP: 8/12
  2689 | D:3      | Learned a level 4 spell: Fulminant Prism
  3169 | D:3      | Reached skill level 6 in Conjurations
  3169 | D:3      | Reached skill level 1 in Hexes
  3321 | D:3      | Reached XP level 5. HP: 28/28 MP: 9/13
  4082 | D:4      | Reached skill level 5 in Spellcasting
  4216 | D:4      | Found a staircase to the Ecumenical Temple.
  4320 | Temple   | Entered the Ecumenical Temple
  4490 | D:4      | Reached XP level 6. HP: 21/32 MP: 10/15
  4602 | D:4      | Learned a level 3 spell: Dazzling Flash
  4607 | D:4      | Learned a level 4 spell: Iskenderun's Mystic Blast
  4616 | D:4      | Found a snail-covered altar of Cheibriados.
  4964 | D:4      | Found a radiant altar of Vehumet.
  4980 | D:4      | Became a worshipper of Vehumet
  5076 | D:4      | Reached skill level 7 in Conjurations
  5164 | D:5      | Entered Level 5 of the Dungeon
  5262 | D:5      | Noticed a two-headed ogre
  5278 | D:5      | Demolished by a two-headed ogre

Illustrated notes

Levels and vault maps discovered:
D:1:      enne_arrival_octagon_isle, layout_basic, minmay_tetromino_t2
D:2:      layout_basic, basic_altar, st_stairs_13, minmay_misc_feat_x,
          minivault_19
D:3:      layout_loops_cross, nicolae_ashenzari_panopticon,
          nicolae_overflow_hidden_temple, serial_shops, nicolae_shop_waterfront
D:4:      layout_loops_ring, mainiacjoe_overflow_alcove_4,
          mainiacjoe_overflow_tiny_flanked, minmay_temple_entry_mini_moons
D:5:      layout_basic
Temple:   nicolae_temple_two_arcs

Skill      XL: |  1  2  3  4  5  6 |
---------------+-------------------+-----
Conjurations   | 5 6 7 |  7.0
Spellcasting   | 4 5 |  5.3
Hexes          | 1 2 3 |  3.0
Dodging        | |  2.4
Stealth        | |  2.4

Action                   |  1- 3 |  4- 6 || total
-------------------------+-------+-------++-------
Melee: Unarmed           |       |     1 ||     1
 Cast: Magic Dart        |   106 |    99 ||   205
       Searing Ray       |     1 |     5 ||     6
       Dazzling Flash    |       |     2 ||     2
       Iskenderun's Myst |       |     1 ||     1
  Use: Potion            |       |     3 ||     3
Armor: Robe              |     4 |     2 ||     6
Dodge: Dodged            |    13 |    11 ||    24

Table legend: (Time is in decaauts)
 A = Elapsed time spent in this place.
 B = Non-inter-level travel time spent in this place.
 C = Inter-level travel time spent in this place.
 D = Time resting spent in this place.
 E = Time spent auto-exploring this place.
 F = Levels seen in this place.
 G = Mean time per level.
                   A        B        C        D        E       F      G
               +--------+--------+--------+--------+--------+-----+--------+
         Total |   5276 |   5150 |    126 |    328 |   4341 |   6 |  879.3 |
       Dungeon |   5158 |   5040 |    118 |    328 |   4237 |   5 | 1031.6 |
        Temple |    117 |    110 |      7 |      0 |    104 |   1 |  117.0 |
               +--------+--------+--------+--------+--------+-----+--------+

Top non-repeatable levels by time:
     D:2: 1457 daAuts
     D:3: 1367 daAuts
     D:4: 1298 daAuts
     D:1: 921 daAuts
  Temple: 117 daAuts
     D:5: 113 daAuts
